 Dungeon Crawl Stone Soup version 0.27-a0-394-g49c82dfaf2 (webtiles) character file.

Game seed: 8532574438880520399

23 dickylongcocking the Caller (level 2, 0/15 HPs)
             Began as a Tengu Summoner on Feb 21, 2021.
             Slain by a kobold
             ... wielding a +0 short sword
              (2 damage)
             ... on level 1 of the Dungeon.
             The game lasted 00:01:07 (930 turns).

dickylongcocking the Caller (Tengu Summoner)         Turns: 930, Time: 00:01:08

Health: 0/15       AC:  2    Str:  8    XL:     2   Next: 95%
Magic:  4/6        EV: 12    Int: 15    God:
Gold:   65         SH:  0    Dex: 14    Spells: 2/5 levels left

rFire    . . .     SeeInvis .   b - +2 dagger (holy)
rCold    . . .     Faith    .   (no shield)
rNeg     . . .     Spirit   .   a - +0 robe
rPois    .         Reflect  .   (helmet restricted)
rElec    .         Harm     .   (no cloak)
rCorr    .         Rampage  .   (no gloves)
Will     .....                  (boots unavailable)
Stlth    ++........             (no amulet)
HPRegen  0.05/turn              (no ring)
MPRegen  0.10/turn              (no ring)

@: attractive
A: beak, talons 3
a: no special abilities


You were on level 1 of the Dungeon.
You visited 1 branch of the dungeon, and saw 1 of its levels.

You collected 65 gold pieces.

Inventory:

Hand Weapons
 b - a +2 dagger of holy wrath (weapon)
Armour
 a - a +0 robe (worn)
Jewellery
 c - a ring of fire {unknown}
Potions
 d - a potion of attraction
 e - a potion of degeneration {unknown}


   Skills:
 - Level 2.1 Dodging
 - Level 2.0 Stealth
 - Level 2.0 Spellcasting
 * Level 5.9 Summonings


You had 2 spell levels left.
You knew the following spells:

 Your Spells              Type           Power        Failure   Level
a - Summon Small Mammal   Summ           76%          1%          1
b - Call Imp              Summ           19%          3%          2

Your spell library contained the following spells:

 Spells                   Type           Power        Failure   Level
 Call Canine Familiar     Summ           19%          6%          3
 Summon Guardian Golem    Hex/Summ       10%          21%         3
 Summon Ice Beast         Ice/Summ       10%          54%         4
 Summon Lightning Spire   Summ/Air       10%          54%         4


Dungeon Overview and Level Annotations

Branches:
Dungeon (1/15)

Altars:


Innate Abilities, Weirdness & Mutations

You have a beak for a mouth.
You have claws for feet.


Message History

A kobold is nearby!
The kobold barely misses you.
A kobold is nearby!
You hit the kobold but do no damage. The kobold misses you.
A kobold is nearby!
You hit the kobold. Your peck misses the kobold.
The kobold is moderately wounded.
The kobold hits you with a +0 short sword.
The kobold hits you with a +0 short sword.
You barely miss the kobold. You peck the kobold.
The kobold is severely wounded.
The kobold hits you with a +0 short sword.
* * * LOW HITPOINT WARNING * * *
You are too injured to fight recklessly!
You are too injured to fight recklessly!
You barely miss the kobold.
The kobold is severely wounded.
The kobold misses you.
You barely miss the kobold. Your peck misses the kobold.
The kobold is severely wounded.
The kobold barely misses you.
Casting: Summon Small Mammal (safe; 1% risk of failure)
Confirm with . or Enter, or press ? or * to list all spells.
A beastly little devil appears in a puff of flame.
The kobold barely misses you.
Unknown command.
Your crimson imp blinks!
The kobold hits you with a +0 short sword.
* * * LOW HITPOINT WARNING * * *
Unknown command.
Casting: Call Imp (safe; 3% risk of failure)
Confirm with . or Enter, or press ? or * to list all spells.
You don't know that spell.
Unknown command.
Okay, then.
It was a potion of attraction.
You feel attractive to monsters.
Your crimson imp closely misses the kobold.
The kobold hits you with a +0 short sword.
You die...

....# #.#.######### ....#
#...........#
....#####.#########.#.#
..................#.#.#
....##.........##.#.#.#
....##............#.#.#
....##.........5..#.#.#
....##.........K.##.#.#
....##..........@##.#.#
....###############.#.#######
............................###
..#########...................##
........# #.................#..#
........# #....................#
........# #...............†##..#
........# #...............#[#..#
.#......# #...............#)#.##


You could see a kobold (ally target) and a friendly crimson imp (summoned).

Vanquished Creatures
  A dart slug (D:1)
  A leopard gecko (D:1)
  4 bats (D:1)
  A giant cockroach (D:1)
  A goblin (D:1)
  2 hobgoblins (D:1)
  A frilled lizard (D:1)
  A kobold (D:1)
  A rat (D:1)
13 creatures vanquished.

Vanquished Creatures (collateral kills)
  2 goblins (D:1)
  3 jackals (D:1)
  3 kobolds (D:1)
  A rat (D:1)
9 creatures vanquished.

Grand Total: 22 creatures vanquished

Notes
Turn   | Place    | Note
-------+----------+-------------------------------------------
     0 | D:1      | dickylongcocking the Tengu Summoner began the quest for the
                  | Orb.
     0 | D:1      | Reached XP level 1. HP: 10/10 MP: 4/4
   154 | D:1      | Reached skill level 5 in Summonings
   185 | D:1      | Reached XP level 2. HP: 12/15 MP: 1/6
   481 | D:1      | Learned a level 2 spell: Call Imp
   930 | D:1      | Slain by a kobold

Illustrated notes

Levels and vault maps discovered:
D:1:      scummos_arrival_star, layout_basic, minmay_pentomino_q2

Skill      XL: |  1 |
---------------+----+-----
Summonings     | 5 |  5.9
Dodging        | |  2.1
Stealth        | |  2.0
Spellcasting   | |  2.0

Action                   || total
-------------------------++-------
Melee: Unarmed           ||     4
       Kick              ||     5
       Dagger            ||    27
       Peck              ||     3
 Cast: Summon Small Mamm ||    12
       Call Imp          ||     6
  Use: Potion            ||     3
 Stab: Sleeping          ||     1
Armor: Robe              ||    11
Dodge: Dodged            ||    30

Table legend: (Time is in decaauts)
 A = Elapsed time spent in this place.
 B = Non-inter-level travel time spent in this place.
 C = Inter-level travel time spent in this place.
 D = Time resting spent in this place.
 E = Time spent auto-exploring this place.
 F = Levels seen in this place.
 G = Mean time per level.
                   A        B        C        D        E       F      G
               +--------+--------+--------+--------+--------+-----+--------+
         Total |    943 |    943 |      0 |     45 |    720 |   1 |  943.0 |
       Dungeon |    943 |    943 |      0 |     45 |    720 |   1 |  943.0 |
               +--------+--------+--------+--------+--------+-----+--------+

Top non-repeatable levels by time:
     D:1: 943 daAuts
